 Dungeon Crawl Stone Soup version 0.30.0-20-g3615ddf2f0 (webtiles) character file.

Game seed: 11972003425854087278

65261 qw the Peltast (level 15, -3/75 HPs)
             Began as a Gargoyle Fighter on May 28, 2023.
             Was an Elder of Okawaru.
             Killed by divine providence
             ... invoked by a daeva
              (15 damage)
             ... on level 2 of the Abyss.
             The game lasted 00:10:28 (17833 turns).

qw the Peltast (Gargoyle Fighter)                  Turns: 17833, Time: 00:10:29

Health: -3/75      AC: 41    Str: 24 (25) XL:     15   Next: 15%
Magic:  15/15      EV: 14    Int:  5      God:    Okawaru [****..]
Gold:   564        SH: 24    Dex:  5 (7)  Spells: 14/14 levels left

rFire   . . .        Y - +5 war axe
rCold   x . .        a - +0 tower shield
rNeg    + . .        F - +2 chain mail {rC+}
rPois   inf          i - +2 helmet
rElec   +            w - +2 cloak "Pesic" {rF+ Int-2 Stlth+}
rCorr   .            j - +2 pair of gloves
SInv    .            u - +2 pair of boots
Will    +....        o - amulet of reflection
Stlth   +            y - +5 ring of evasion
HPRegen 0.00/turn    v - +4 ring of protection
MPRegen 0.14/turn

%: random rage (3%), reflection
@: heroic, on berserk cooldown, flying, inhibited regen, slowed, glowing, unable
to read, unable to drink, very slow
A: sickness immunity, AC +11, big wings, negative energy resistance 1,
electricity resistance, torment resistance 1, petrification resistance, [berserk
1], [clumsy 1], [deformed body], [deterioration 1], [dopey 1], [frail 2], [low
MP 3], [screaming 1], [inhibited regeneration], ([teleportitis 1]), [weak 1],
[no potion heal 2], [cold vulnerability 2], [heat vulnerability 1], [subdued
magic 2], [inability to drink after injury 1], [inability to read after injury
1]
a: Renounce Religion, Heroism, Finesse


You were on level 2 of the Abyss.
You worshipped Okawaru.
Okawaru was greatly pleased with you.
You visited 3 branches of the dungeon, and saw 19 of its levels.
You visited the Abyss 2 times.
You visited 1 bazaar.

You collected 1242 gold pieces.
You spent 678 gold pieces at shops.


Innate Abilities, Weirdness & Mutations

You are immune to sickness and miasma.
Your stone body is resilient. (AC +11)
You are immune to poison.
Your large and strong wings let you fly.
You resist negative energy. (rN+)
You are resistant to electric shocks. (rElec)
You are resistant to unholy torment.
You are immune to petrification.
[You sometimes lose your temper in combat.]
[You are clumsy. (Dex -2)]
[Armour fits poorly on your strangely shaped body.]
[Your body sometimes deteriorates upon taking damage.]
[You are dopey. (Int -2)]
[You are very frail. (-20% HP)]
[Your magical capacity is extremely low. (-30% MP)]
[You occasionally shout uncontrollably at your foes.]
[You do not regenerate when monsters are visible.]
[((You are occasionally teleported next to monsters.))]
[You are weak. (Str -2)]
[Potions cannot restore your health.]
[You are very vulnerable to cold. (rC--)]
[You are vulnerable to heat. (rF-)]
[Your spells are easier to cast, but less powerful.]
[You occasionally lose the ability to drink potions when taking damage.]
[You occasionally lose the ability to read scrolls when taking damage.]


   Skills:
 - Level 11.0(16.0) Fighting
 + Level 14.0(19.0) Axes
 - Level 4.0(9.0) Throwing
 - Level 10.1(15.1) Armour
 - Level 2.0(7.0) Dodging
 - Level 16.0(21.0) Shields
 - Level 10.0 Invocations


You had 14 spell levels left.
You didn't know any spells.
Your spell library was empty.

Inventory:

Hand Weapons
 n - a +0 morningstar
 p - the +9 morningstar "Killer Klown's Bane" {elec, rF- rC+ Int+8}
   (You found it on level 5 of the Lair of Beasts)

   Int:       It affects your intelligence (+8).
   rF:        It makes you vulnerable to fire.
   rC:        It protects you from cold.
 Y - a +5 war axe (weapon)
Missiles
 g - 5 boomerangs (quivered)
Armour
 a - a +0 tower shield (worn)
 f - a +0 plate armour
 i - a +2 helmet (worn)
 j - a +2 pair of gloves (worn)
 u - a +2 pair of boots (worn)
 w - the +2 cloak "Pesic" (worn) {rF+ Int-2 Stlth+}
   (You found it on level 10 of the Dungeon)

   Int:       It affects your intelligence (-2).
   rF:        It protects you from fire.
   Stlth:     It makes you more stealthy.
 F - a +2 chain mail of cold resistance (worn)
Jewellery
 k - a ring of resist corrosion
 o - an amulet of reflection (around neck)
 v - a +4 ring of protection (right hand)
 y - a +5 ring of evasion (left hand)
 z - a ring of fire
 A - a ring of resist corrosion
 B - a ring of protection from fire
Wands
 r - a wand of digging (5)
Scrolls
 b - 2 scrolls of teleportation
 m - 5 scrolls of identify
Potions
 d - 5 potions of might
 e - 3 potions of heal wounds
 h - 4 potions of curing
 l - 5 potions of attraction
 q - 2 potions of mutation
 s - 2 potions of lignification
 t - a potion of haste
 x - 3 potions of magic
 C - a potion of resistance

Dungeon Overview and Level Annotations

Branches:
Dungeon (13/15)            Temple (1/1) D:6            Lair (5/5) D:11
  Swamp (0/4) Lair:3       Spider (0/4) Lair:2        Slime (0/5) Lair:4
    Orc (0/2) D:11         Vaults (0/5) D:13

Altars:
Ashenzari
Cheibriados
Dithmenos
Elyvilon
Fedhas
Gozag
Hepliaklqana
Kikubaaqudgha
Makhleb
Nemelex Xobeh
Okawaru
Qazlal
Ru
Sif Muna
Trog
Uskayaw
Vehumet
Wu Jian
Xom
Yredelemnul
Zin
The Shining One
Jiyva

Annotations:
D:2 1 runed translucent door, Crazy Yiuf


Message History

The starcursed mass is severely damaged.
You slash the starcursed mass!
The starcursed mass shudders and is absorbed by its neighbour. x2
A starcursed mass splits. x2
The daeva calls down the wrath of the Shining One upon you.
The Shining One smites you!
You hit the starcursed mass but do no damage.
The starcursed mass is heavily damaged.
A lich comes into view.
A starcursed mass splits.
You block the starcursed mass's attack.
A starcursed mass splits.
The lich shouts!
You hit the starcursed mass.
The starcursed mass is heavily damaged.
You slice the daeva!!
You hit the starcursed mass but do no damage.
You slash the starcursed mass!
The starcursed mass shudders and is absorbed by its neighbour.
The starcursed mass shudders and withdraws towards its neighbour. x3
The daeva calls down the wrath of the Shining One upon you.
The Shining One smites you!
You feel threatened and lose the ability to read scrolls!
Your body deteriorates!
You feel clumsy.
The starcursed mass touches you but does no damage.
You hit the starcursed mass but do no damage.
The starcursed mass is heavily damaged.
You hit the daeva but do no damage. You slash the starcursed mass!
You slice the starcursed mass!!
You destroy the starcursed mass!
Okawaru accepts your kill.
The starcursed mass shudders and is absorbed by its neighbour.
The daeva hits you but does no damage. The daeva barely misses you.
You completely miss the starcursed mass.
The starcursed mass is heavily damaged.
The daeva blocks your attack.
You slash the starcursed mass!
The starcursed mass shudders and is absorbed by its neighbour.
The daeva calls down the wrath of the Shining One upon you.
The Shining One smites you!
You feel threatened and lose the ability to drink potions!
You die...

...... ..
#### .
..... .
....
.#....#.
.....
....... .L.
#
##....#...
..#....X#.#
..'...X...#
.....}.@#
..'...A.#
..#.....#
#.'''##
#....
.......
..#..\.
.......
..... .


You could see 2 starcursed masses, a daeva and a lich.

Vanquished Creatures
  A bone dragon (Abyss:2)
  A tentacled starspawn (Abyss:2)
  Kirke (D:13)
  Azrael (D:12)
  An eidolon (Abyss:2)
  Erolcha (D:11)
  2 hydras (Lair:5)
  A vault guard (D:13)
  Erica (Lair:2)
  A centaur warrior (D:13)
  A boulder beetle (Lair:1)
  3 two-headed ogres
  Urug (D:10)
  A death yak (D:11)
  2 skysharks (Lair:5)
  2 wretched stars (Abyss:2)
  A goliath frog (Lair:5)
  3 large abominations (Abyss:2)
  2 bog bodies (Lair:3)
  A wizard (D:13)
  A necromancer (D:13)
  An ugly thing (D:12)
  2 black mambas (Lair:5)
  A worldbinder (Abyss:2)
  An apocalypse crab (Abyss:2)
  21 elephants
  2 gargoyles
  A smoke demon (Abyss:2)
  19 cane toads
  3 rime drakes
  2 unseen horrors
  2 kobold demonologists (D:11)
  An efreet (Abyss:2)
  A tengu conjurer (D:13)
  6 komodo dragons
  2 hornets
  2 trolls
  3 ancient zymes (Abyss:2)
  2 tyrant leeches (Lair:5)
  Grinder (D:4)
  11 blink frogs (Lair:5)
  A shadow (D:10)
  3 vampires
  39 yaks
  5 fire elementals
  9 wyverns
  4 hogs (D:13)
  22 humans (D:13)
  5 starcursed masses (Abyss:2)
  8 vampire mosquitoes
  4 basilisks
  2 steam dragons (D:8)
  3 wargs (D:11)
  Duvessa (D:7)
  An acid dragon (D:12)
  11 water moccasins
  3 hell hounds (D:12)
  2 ice beasts (D:6)
  5 orc warriors
  6 black bears
  A sky beast (D:7)
  10 centaurs
  12 wolves
  4 ogres
  A phantom (D:6)
  5 kobold brigands
  A small abomination (Abyss:2)
  13 bullfrogs
  8 scorpions
  9 wights
  Dowan (D:7)
  6 killer bees
  An electric eel (Lair:5)
  8 howler monkeys
  A lava snake (Lair:1)
  A hound (D:5)
  16 jellies
  2 gnoll boudas
  3 orc priests
  4 sleepcaps
  2 hell rats (Lair:1)
  11 orc wizards
  Natasha (D:3)
  5 iguanas
  11 gnolls
  5 adders
  9 river rats (Lair:1)
  A shadow imp (D:8)
  A white imp (D:7)
  6 worms
  3 dart slugs
  38 orcs
  3 bats
  11 endoplasms
  5 giant cockroaches
  5 hobgoblins
  6 jackals
  7 quokkas
  5 ball pythons
  A frilled lizard (D:3)
  8 goblins
  20 kobolds
  3 rats
  A starspawn tentacle (Abyss:2)
522 creatures vanquished.

Vanquished Creatures (others)
  5 golden eyes (Abyss:2)
  A small abomination (Abyss:2)
  2 starspawn tentacles (Abyss:2)
8 creatures vanquished.

Grand Total: 530 creatures vanquished

Notes
Turn   | Place    | Note
-------+----------+-------------------------------------------
     0 | D:1      | qw the Gargoyle Fighter began the quest for the Orb.
     0 | D:1      | Reached XP level 1. HP: 14/14 MP: 1/1
     0 | D:1      | 0 ||| qw: Version: 0.2-a-100-g4e38944
     0 | D:1      | 0 ||| qw: Game counter: 226
     0 | D:1      | 0 ||| qw: Always use a shield: true
     0 | D:1      | 0 ||| qw: God list: Okawaru
     0 | D:1      | 0 ||| qw: Allow faded altars: false
     0 | D:1      | 0 ||| qw: Do Orc after D:15 true
     0 | D:1      | 0 ||| qw: Do second Lair branch before Depths: true
     0 | D:1      | 0 ||| qw: Lair rune preference: random
     0 | D:1      | 0 ||| qw: Plans: Normal, Zot:1-4, God:TSO, Crypt, Tomb,
                  | Pan, Slime:5, Hells, Abyss, Win
     0 | D:1      | 0 ||| PLANNING D:1-11
   196 | D:1      | 196 ||| DROPPING +0 club.
   420 | D:1      | Reached XP level 2. HP: 19/19 MP: 2/2
   806 | D:1      | 806 ||| DROPPING orb of guile.
   807 | D:1      | 807 ||| READING scroll labelled NUEJAPR GOIRO.
   908 | D:1      | 908 ||| READING scroll labelled RECOQA CAFI.
   979 | D:2      | Found a snail-covered altar of Cheibriados.
   998 | D:2      | Reached skill level 3 in Axes
  1033 | D:2      | 1033 ||| Stepping ~*~*~tactically~*~*~ (stealth).
  1034 | D:2      | 1034 ||| Stepping ~*~*~tactically~*~*~ (stealth).
  1048 | D:2      | Reached XP level 3. HP: 23/23 MP: 3/3
  1083 | D:2      | 1083 ||| Stepping ~*~*~tactically~*~*~ (stealth).
  1215 | D:2      | Reached XP level 4. HP: 28/28 MP: 4/4
  1302 | D:2      | Found a faded altar of an unknown god.
  1502 | D:2      | Found a runed translucent door.
  1503 | D:2      | Noticed Crazy Yiuf
  1580 | D:2      | 1580 ||| UPGRADING to +0 plate armour.
  1590 | D:2      | 1590 ||| DROPPING +0 scale mail.
  1591 | D:2      | 1591 ||| UPGRADING to +0 pair of gloves.
  1596 | D:2      | 1596 ||| UPGRADING to amulet of regeneration.
  1601 | D:2      | 1601 ||| DRINKING 4 white potions.
  1670 | D:3      | 1670 ||| Stepping ~*~*~tactically~*~*~ (stealth).
  1671 | D:3      | 1671 ||| Stepping ~*~*~tactically~*~*~ (stealth).
  1680 | D:3      | 1680 ||| Stepping ~*~*~tactically~*~*~ (stealth).
  1686 | D:3      | 1686 ||| Stepping ~*~*~tactically~*~*~ (stealth).
  1708 | D:3      | 1708 ||| Stepping ~*~*~tactically~*~*~ (stealth).
  1939 | D:3      | Reached XP level 5. HP: 32/32 MP: 5/5
  1958 | D:3      | 1958 ||| Stepping ~*~*~tactically~*~*~ (stealth).
  2228 | D:3      | Noticed Natasha
  2229 | D:3      | 2229 ||| Stepping ~*~*~tactically~*~*~ (hiding).
  2238 | D:3      | Killed Natasha
  2449 | D:3      | Found a white marble altar of Elyvilon.
  2523 | D:3      | 2523 ||| UPGRADING to +0 pair of boots.
  2528 | D:3      | 2528 ||| UPGRADING to amulet of reflection.
  2538 | D:3      | 2538 ||| DROPPING amulet of regeneration.
  2539 | D:3      | 2539 ||| UPGRADING to +4 ring of protection.
  2540 | D:3      | 2540 ||| READING scroll labelled FUKLOT QANIE.
  2541 | D:3      | 2541 ||| DRINKING 3 smoky puce potions.
  2542 | D:3      | 2542 ||| DROPPING 2 potions of brilliance.
  2562 | D:4      | 2562 ||| PLANNING SEWER
  2644 | D:4      | Noticed Grinder
  2647 | D:4      | Paralysed by Grinder for 2 turns
  2661 | D:4      | Killed Grinder
  2662 | D:4      | Reached skill level 6 in Axes
  2662 | D:4      | Reached XP level 6. HP: 11/38 MP: 6/6
  2834 | D:4      | Reached XP level 7. HP: 43/43 MP: 7/7
  3327 | D:4      | 3327 ||| RIP SEWER
  3396 | D:4      | 3396 ||| PLANNING D:1-11
  3396 | D:4      | 3396 ||| UPGRADING to +2 cloak.
  3401 | D:4      | 3401 ||| READING scroll labelled UREFFUJASI.
  3402 | D:4      | 3402 ||| READING scroll labelled XEIZIL XARCHIGYEJ.
  3403 | D:4      | 3403 ||| READING scroll labelled WYADGH TAEWN.
  3404 | D:4      | 3404 ||| READING scroll labelled RIQ VUPRUDEES.
  3409 | D:4      | 3409 ||| DRINKING 3 bubbling black potions.
  3418 | D:5      | Entered Level 5 of the Dungeon
  3604 | D:5      | Reached XP level 8. HP: 17/48 MP: 8/8
  3959 | D:5      | Found a basalt altar of Yredelemnul.
  4022 | D:5      | Reached skill level 1 in Dodging
  4059 | D:5      | 4059 ||| Stepping ~*~*~tactically~*~*~ (hiding).
  4177 | D:5      | 4177 ||| Stepping ~*~*~tactically~*~*~ (stealth).
  4519 | D:5      | Found a shadowy altar of Dithmenos.
  4738 | D:5      | 4738 ||| READING scroll labelled REYTRISETUCY.
  4739 | D:5      | 4739 ||| READING 3 scrolls of identify.
  4739 | D:5      | 4739 ||| IDENTIFYING fizzy grey potion
  4740 | D:5      | 4740 ||| READING 2 scrolls of identify.
  4740 | D:5      | 4740 ||| IDENTIFYING viscous pink potion
  4741 | D:5      | 4741 ||| DROPPING potion of flight.
  4742 | D:5      | 4742 ||| DROPPING potion of degeneration.
  4821 | D:6      | 4821 ||| DROPPING +0 mace.
  4853 | D:6      | HP: 11/49 [gnoll/+0 spear[a gnoll bouda] (4)]
  4854 | D:6      | 4854 ||| DRINKING 6 potions of heal wounds.
  4999 | D:6      | HP: 12/51 [wight/+0 scimitar (4)]
  5000 | D:6      | Reached skill level 6 in Fighting
  5000 | D:6      | 5000 ||| DRINKING 5 potions of heal wounds.
  5004 | D:6      | 5004 ||| DRINKING 4 potions of heal wounds.
  5008 | D:6      | Reached skill level 6 in Armour
  5008 | D:6      | Reached XP level 9. HP: 26/56 MP: 9/9
  5250 | D:6      | 5250 ||| Stepping ~*~*~tactically~*~*~ (stealth).
  5360 | D:6      | Found a staircase to the Ecumenical Temple.
  5361 | D:6      | 5361 ||| PLANNING TEMPLE
  5361 | D:6      | 5361 ||| UPGRADING to +0 helmet.
  5366 | D:6      | 5366 ||| DROPPING orb of wrath.
  5367 | D:6      | 5367 ||| READING scroll labelled PURPHYPH JIOPUA.
  5368 | D:6      | 5368 ||| READING scroll labelled FUHIS HEISS.
  5369 | D:6      | 5369 ||| READING scroll labelled SACINE DAYBI.
  5370 | D:6      | 5370 ||| READING 2 scrolls of identify.
  5370 | D:6      | 5370 ||| IDENTIFYING yellow potion
  5377 | Temple   | Entered the Ecumenical Temple
  5539 | Temple   | 5539 ||| PLANNING D:1-11
  5652 | D:6      | 5652 ||| READING 2 scrolls of identify.
  5652 | D:6      | 5652 ||| IDENTIFYING metallic red potion
  5683 | D:7      | 5683 ||| Stepping ~*~*~tactically~*~*~ (stealth).
  5685 | D:7      | 5685 ||| Stepping ~*~*~tactically~*~*~ (stealth).
  5691 | D:7      | 5691 ||| Stepping ~*~*~tactically~*~*~ (stealth).
  5693 | D:7      | 5693 ||| Stepping ~*~*~tactically~*~*~ (stealth).
  5697 | D:7      | 5697 ||| Stepping ~*~*~tactically~*~*~ (stealth).
  5698 | D:7      | 5698 ||| Stepping ~*~*~tactically~*~*~ (stealth).
  5717 | D:7      | Reached skill level 1 in Throwing
  5722 | D:7      | Reached skill level 9 in Axes
  6016 | D:7      | Reached skill level 4 in Shields
  6082 | D:7      | 6082 ||| Stepping ~*~*~tactically~*~*~ (stealth).
  6085 | D:7      | 6085 ||| Stepping ~*~*~tactically~*~*~ (stealth).
  6208 | D:7      | Noticed Duvessa
  6221 | D:7      | Killed Duvessa
  6222 | D:7      | Found a bloodstained altar of Trog.
  6222 | D:7      | Noticed Dowan
  6233 | D:7      | 6233 ||| Stepping ~*~*~tactically~*~*~ (hiding).
  6238 | D:7      | Killed Dowan
  6278 | D:7      | Found a shimmering blue altar of Sif Muna.
  6456 | D:7      | 6456 ||| UPGRADING to +1 pair of boots.
  6466 | D:7      | 6466 ||| DROPPING +0 pair of boots.
  6467 | D:7      | 6467 ||| READING 2 scrolls labelled QIKKAO KENKUK.
  6468 | D:7      | 6468 ||| DRINKING 2 inky potions.
  6503 | D:7      | 6503 ||| READING 2 scrolls of identify.
  6503 | D:7      | 6503 ||| IDENTIFYING green potion
  6504 | D:7      | 6504 ||| DROPPING scroll of magic mapping.
  6674 | D:8      | 6674 ||| Stepping ~*~*~tactically~*~*~ (hiding).
  6712 | D:8      | Reached XP level 10. HP: 62/63 MP: 10/10
  6754 | D:8      | 6754 ||| FLEEEEING.
  6818 | D:8      | 6818 ||| Stepping ~*~*~tactically~*~*~ (hiding).
  6838 | D:8      | 6838 ||| READING scroll of enchant armour.
  6838 | D:8      | 6838 ||| ENCHANTING +0 pair of gloves.
  6870 | D:8      | 6870 ||| READING scroll of enchant weapon.
  6870 | D:8      | 6870 ||| ENCHANTING +1 war axe.
  6948 | D:8      | Found a snail-covered altar of Cheibriados.
  7270 | D:8      | Found a stormy altar of Qazlal.
  7270 | D:8      | Found a broken altar of Ashenzari.
  7682 | D:8      | 7682 ||| READING scroll of enchant armour.
  7682 | D:8      | 7682 ||| ENCHANTING +1 pair of gloves.
  7777 | D:8      | 7777 ||| UPGRADING to ring of protection from fire.
  7778 | D:8      | 7778 ||| READING scroll labelled EGOG FEOTAE.
  7779 | D:8      | 7779 ||| READING scroll labelled LERISTR DESO.
  7857 | D:9      | 7857 ||| Stepping ~*~*~tactically~*~*~ (stealth).
  7880 | D:9      | 7880 ||| FLEEEEING.
  7881 | D:9      | 7881 ||| FLEEEEING.
  7882 | D:9      | 7882 ||| FLEEEEING.
  7883 | D:9      | 7883 ||| STAIRDANCE
  7930 | D:9      | 7930 ||| Stepping ~*~*~tactically~*~*~ (stealth).
  7932 | D:9      | 7932 ||| Stepping ~*~*~tactically~*~*~ (hiding).
  7943 | D:9      | 7943 ||| DROPPING +0 flail.
  7986 | D:9      | Reached skill level 5 in Shields
  7999 | D:9      | 7999 ||| Stepping ~*~*~tactically~*~*~ (stealth).
  8162 | D:9      | 8162 ||| READING scroll of enchant weapon.
  8162 | D:9      | 8162 ||| ENCHANTING +2 war axe.
  8170 | D:9      | 8170 ||| Stepping ~*~*~tactically~*~*~ (stealth).
  8546 | D:9      | Found an iron altar of Okawaru.
  8547 | D:9      | 8547 ||| PLANNING OKAWARU WORSHIP
  8556 | D:9      | Became a worshipper of Warmaster Okawaru
  8556 | D:9      | 8556 ||| PLANNING D:1-11
  8710 | D:9      | Reached skill level 9 in Fighting
  8710 | D:9      | Reached XP level 11. HP: 66/71 MP: 11/11
  8884 | D:10     | Entered Level 10 of the Dungeon
  8895 | D:10     | 8895 ||| DRINKING 5 potions of curing.
  8895 | D:10     | 8895 ||| (to cure confusion)
  8940 | D:10     | 8940 ||| Stepping ~*~*~tactically~*~*~ (stealth).
  8949 | D:10     | 8949 ||| DRINKING 4 potions of curing.
  8949 | D:10     | 8949 ||| (to cure confusion)
  8966 | D:10     | Reached skill level 9 in Armour
  9091 | D:10     | 9091 ||| Stepping ~*~*~tactically~*~*~ (hiding).
  9157 | D:10     | Reached * piety under Okawaru
  9228 | D:10     | Noticed Urug
  9229 | D:10     | 9229 ||| INVOKING Heroism.
  9245 | D:10     | HP: 14/71 [yak (8)]
  9246 | D:10     | 9246 ||| READING 3 scrolls of teleportation.
  9247 | D:10     | 9247 ||| DRINKING 4 potions of heal wounds.
  9249 | D:10     | Killed Urug
  9250 | D:10     | 9250 ||| INVOKING Heroism.
  9370 | D:10     | 9370 ||| FLEEEEING.
  9517 | D:10     | Reached skill level 1 in Invocations
  9639 | D:10     | Identified the +2 cloak "Pesic" {rF+ Int-2 Stlth+}
  9750 | D:10     | 9750 ||| UPGRADING to +2 cloak "Pesic" {rF+ Int-2 Stlth+}.
  9760 | D:10     | 9760 ||| DROPPING +2 cloak.
  9779 | D:11     | 9779 ||| PLANNING BAZAAR
  9780 | D:11     | Noticed a two-headed ogre
  9781 | D:11     | 9781 ||| INVOKING Heroism.
  9790 | D:11     | Killed a two-headed ogre
  9871 | D:11     | Noticed a sixfirhy
  9884 | D:11     | Reached ** piety under Okawaru
  9885 | D:11     | Reached skill level 12 in Axes
  9885 | D:11     | Reached skill level 3 in Invocations
  9972 | D:11     | Noticed a death yak
  9973 | D:11     | 9973 ||| Stepping ~*~*~tactically~*~*~ (hiding).
  9981 | D:11     | 9981 ||| INVOKING Heroism.
  9985 | D:11     | Noticed Erolcha
  9990 | D:11     | Killed a death yak
  9997 | D:11     | Killed Erolcha
  9998 | D:11     | Reached skill level 3 in Throwing
 10024 | D:11     | Found a staircase to the Lair.
 10030 | D:11     | 10030 ||| Stepping ~*~*~tactically~*~*~ (stealth).
 10106 | D:11     | Reached skill level 6 in Shields
 10107 | D:11     | Found a staircase to the Orcish Mines.
 10160 | D:11     | 10160 ||| INVOKING Heroism.
 10181 | D:11     | Noticed a two-headed ogre
 10187 | D:11     | Killed a two-headed ogre
 10188 | D:11     | Reached XP level 12. HP: 77/77 MP: 15/15
 10196 | D:11     | Reached *** piety under Okawaru
 10267 | D:11     | Found a flickering gateway to a bazaar.
 10268 | D:11     | 10268 ||| READING 3 scrolls of identify.
 10268 | D:11     | 10268 ||| IDENTIFYING silvery potion
 10274 | Bazaar   | Entered a bazaar
 10274 | Bazaar   | Found Gexzeup's Jewellery Shoppe.
 10274 | Bazaar   | Found Loex's Antique Armour Shoppe.
 10281 | Bazaar   | 10281 ||| BUYING +5 ring of evasion (288 gold).
 10281 | Bazaar   | Bought a +5 ring of evasion for 288 gold pieces
 10281 | Bazaar   | 10281 ||| BUYING ring of fire (200 gold).
 10281 | Bazaar   | Bought a ring of fire for 200 gold pieces
 10281 | Bazaar   | 10281 ||| BUYING ring of resist corrosion (160 gold).
 10281 | Bazaar   | Bought a ring of resist corrosion for 160 gold pieces
 10292 | Bazaar   | Found Keuwkoib's Distillery.
 10300 | Bazaar   | 10300 ||| BUYING potion of attraction (30 gold).
 10300 | Bazaar   | Bought a potion of attraction for 30 gold pieces
 10311 | Bazaar   | Found Restrirph's General Store.
 10322 | Bazaar   | Found Faecw's Antique Weapon Boutique.
 10344 | Bazaar   | 10344 ||| UPGRADING to +5 ring of evasion.
 10346 | Bazaar   | 10346 ||| UPGRADING to +4 ring of protection.
 10360 | D:11     | 10360 ||| PLANNING LAIR
 10394 | Lair:1   | Entered Level 1 of the Lair of Beasts
 10410 | Lair:1   | 10410 ||| READING scroll of enchant weapon.
 10410 | Lair:1   | 10410 ||| ENCHANTING +3 war axe.
 10432 | Lair:1   | 10432 ||| Stepping ~*~*~tactically~*~*~ (stealth).
 10449 | Lair:1   | 10449 ||| FLEEEEING.
 10452 | Lair:1   | 10452 ||| Stepping ~*~*~tactically~*~*~ (stealth).
 10461 | Lair:1   | 10461 ||| Stepping ~*~*~tactically~*~*~ (stealth).
 10462 | Lair:1   | 10462 ||| Stepping ~*~*~tactically~*~*~ (stealth).
 10667 | Lair:1   | 10667 ||| Stepping ~*~*~tactically~*~*~ (stealth).
 10671 | Lair:1   | 10671 ||| Stepping ~*~*~tactically~*~*~ (stealth).
 10677 | Lair:1   | 10677 ||| Stepping ~*~*~tactically~*~*~ (stealth).
 10678 | Lair:1   | 10678 ||| Stepping ~*~*~tactically~*~*~ (stealth).
 10760 | Lair:1   | Noticed a boulder beetle
 10761 | Lair:1   | 10761 ||| INVOKING Heroism.
 10777 | Lair:1   | Killed a boulder beetle
 11393 | Lair:2   | Noticed Erica
 11394 | Lair:2   | 11394 ||| INVOKING Heroism.
 11416 | Lair:2   | Killed Erica
 11417 | Lair:2   | 11417 ||| DRINKING 4 potions of curing.
 11417 | Lair:2   | 11417 ||| (to cure confusion)
 11432 | Lair:2   | 11432 ||| Stepping ~*~*~tactically~*~*~ (stealth).
 11444 | Lair:2   | Reached **** piety under Okawaru
 11446 | Lair:2   | Received a gift from Okawaru
 11456 | Lair:2   | Found a hole to the Spider Nest.
 11473 | Lair:2   | 11473 ||| INVOKING Heroism.
 11584 | Lair:2   | Found an ornate altar of the Wu Jian Council.
 11712 | Lair:2   | 11712 ||| INVOKING Heroism.
 11806 | Lair:2   | 11806 ||| READING scroll of enchant weapon.
 11806 | Lair:2   | 11806 ||| ENCHANTING +4 war axe.
 12086 | Lair:3   | 12086 ||| READING scroll of enchant armour.
 12086 | Lair:3   | 12086 ||| ENCHANTING +0 helmet.
 12148 | Lair:3   | 12148 ||| INVOKING Heroism.
 12181 | Lair:3   | 12181 ||| Stepping ~*~*~tactically~*~*~ (stealth).
 12192 | Lair:3   | Received a gift from Okawaru
 12406 | Lair:3   | Found a staircase to the Swamp.
 12407 | Lair:3   | 12407 ||| Stepping ~*~*~tactically~*~*~ (hiding).
 12408 | Lair:3   | 12408 ||| Stepping ~*~*~tactically~*~*~ (hiding).
 12416 | Lair:3   | 12416 ||| INVOKING Heroism.
 12613 | Lair:3   | 12613 ||| Stepping ~*~*~tactically~*~*~ (stealth).
 12793 | Lair:3   | Reached skill level 6 in Invocations
 12805 | Lair:3   | Reached XP level 13. HP: 79/82 MP: 17/17
 12853 | Lair:3   | 12853 ||| READING 2 scrolls of enchant armour.
 12853 | Lair:3   | 12853 ||| ENCHANTING +1 helmet.
 12854 | Lair:3   | 12854 ||| READING scroll of enchant armour.
 12854 | Lair:3   | 12854 ||| ENCHANTING +1 pair of boots.
 12980 | Lair:3   | 12980 ||| UPGRADING to +0 tower shield.
 12990 | Lair:3   | 12990 ||| DROPPING +0 buckler.
 12991 | Lair:3   | 12991 ||| DROPPING +2 cloak.
 13076 | Lair:4   | Found a staircase to the Slime Pits.
 13076 | Lair:4   | Found a viscous altar of Jiyva.
 13079 | Lair:4   | 13079 ||| Stepping ~*~*~tactically~*~*~ (stealth).
 13095 | Lair:4   | 13095 ||| Stepping ~*~*~tactically~*~*~ (stealth).
 13099 | Lair:4   | 13099 ||| Stepping ~*~*~tactically~*~*~ (stealth).
 13325 | Lair:4   | 13325 ||| Stepping ~*~*~tactically~*~*~ (hiding).
 13327 | Lair:4   | 13327 ||| Stepping ~*~*~tactically~*~*~ (hiding).
 13675 | Lair:4   | 13675 ||| INVOKING Heroism.
 13682 | Lair:4   | Reached skill level 7 in Shields
 13740 | Lair:4   | 13740 ||| DROPPING amulet of the acrobat.
 13741 | Lair:4   | 13741 ||| READING scroll labelled SAOXZU CAAMU.
 13833 | Lair:5   | Entered Level 5 of the Lair of Beasts
 13839 | Lair:5   | 13839 ||| INVOKING Heroism.
 13845 | Lair:5   | 13845 ||| SWAPPING to +0 morningstar.
 13854 | Lair:5   | 13854 ||| SWAPPING to +5 war axe.
 13873 | Lair:5   | Reached ***** piety under Okawaru
 13974 | Lair:5   | 13974 ||| Stepping ~*~*~tactically~*~*~ (hiding).
 13976 | Lair:5   | 13976 ||| Stepping ~*~*~tactically~*~*~ (hiding).
 14017 | Lair:5   | 14017 ||| INVOKING Heroism.
 14030 | Lair:5   | Reached skill level 8 in Shields
 14052 | Lair:5   | 14052 ||| INVOKING Heroism.
 14104 | Lair:5   | 14104 ||| INVOKING Heroism.
 14118 | Lair:5   | Reached skill level 9 in Invocations
 14135 | Lair:5   | Received a gift from Okawaru
 14146 | Lair:5   | Reached skill level 9 in Shields
 14171 | Lair:5   | 14171 ||| INVOKING Heroism.
 14313 | Lair:5   | 14313 ||| INVOKING Heroism.
 14324 | Lair:5   | Received a gift from Okawaru
 14386 | Lair:5   | 14386 ||| Stepping ~*~*~tactically~*~*~ (stealth).
 14406 | Lair:5   | Reached skill level 10 in Shields
 14433 | Lair:5   | 14433 ||| Stepping ~*~*~tactically~*~*~ (stealth).
 14459 | Lair:5   | 14459 ||| Stepping ~*~*~tactically~*~*~ (stealth).
 14462 | Lair:5   | 14462 ||| Stepping ~*~*~tactically~*~*~ (stealth).
 14463 | Lair:5   | 14463 ||| Stepping ~*~*~tactically~*~*~ (stealth).
 14464 | Lair:5   | 14464 ||| INVOKING Heroism.
 14465 | Lair:5   | 14465 ||| INVOKING Finesse.
 14471 | Lair:5   | 14471 ||| SWAPPING to +0 morningstar.
 14476 | Lair:5   | Received a gift from Okawaru
 14500 | Lair:5   | HP: 14/82 [skyshark (12)]
 14501 | Lair:5   | 14501 ||| READING 5 scrolls of teleportation.
 14502 | Lair:5   | 14502 ||| DRINKING 5 potions of heal wounds.
 14507 | Lair:5   | 14507 ||| FLEEEEING.
 14508 | Lair:5   | 14508 ||| FLEEEEING.
 14509 | Lair:5   | 14509 ||| FLEEEEING.
 14510 | Lair:5   | 14510 ||| SWAPPING to +5 war axe.
 14525 | Lair:5   | Gained mutation: Your large and strong wings let you fly.
                  | [Gargoyle growth]
 14525 | Lair:5   | Reached XP level 14. HP: 28/88 MP: 18/21
 14529 | Lair:5   | 14529 ||| FLEEEEING.
 14530 | Lair:5   | 14530 ||| Stepping ~*~*~tactically~*~*~ (stealth).
 14531 | Lair:5   | 14531 ||| Stepping ~*~*~tactically~*~*~ (stealth).
 14535 | Lair:5   | 14535 ||| INVOKING Heroism.
 14542 | Lair:5   | 14542 ||| FLEEEEING.
 14545 | Lair:5   | 14545 ||| Stepping ~*~*~tactically~*~*~ (stealth).
 14547 | Lair:5   | 14547 ||| INVOKING Finesse.
 14553 | Lair:5   | 14553 ||| FLEEEEING.
 14554 | Lair:5   | 14554 ||| FLEEEEING.
 14555 | Lair:5   | 14555 ||| FLEEEEING.
 14556 | Lair:5   | 14556 ||| FLEEEEING.
 14557 | Lair:5   | 14557 ||| FLEEEEING.
 14558 | Lair:5   | 14558 ||| FLEEEEING.
 14559 | Lair:5   | 14559 ||| SWAPPING to +0 morningstar.
 14569 | Lair:5   | Reached skill level 11 in Shields
 14569 | Lair:5   | 14569 ||| SWAPPING to +5 war axe.
 14602 | Lair:5   | 14602 ||| INVOKING Heroism.
 14634 | Lair:5   | 14634 ||| Stepping ~*~*~tactically~*~*~ (stealth).
 14655 | Lair:5   | 14655 ||| INVOKING Heroism.
 14725 | Lair:5   | 14725 ||| FLEEEEING.
 14726 | Lair:5   | 14726 ||| FLEEEEING.
 14727 | Lair:5   | 14727 ||| FLEEEEING.
 14757 | Lair:5   | Identified the +9 morningstar "Killer Klown's Bane" {elec,
                  | rF- rC+ Int+8}
 14826 | Lair:5   | Reached skill level 12 in Shields
 14878 | Lair:5   | 14878 ||| Stepping ~*~*~tactically~*~*~ (stealth).
 14880 | Lair:5   | 14880 ||| Stepping ~*~*~tactically~*~*~ (stealth).
 14886 | Lair:5   | 14886 ||| Stepping ~*~*~tactically~*~*~ (stealth).
 14887 | Lair:5   | 14887 ||| Stepping ~*~*~tactically~*~*~ (stealth).
 15051 | Lair:5   | 15051 ||| Stepping ~*~*~tactically~*~*~ (stealth).
 15052 | Lair:5   | 15052 ||| Stepping ~*~*~tactically~*~*~ (stealth).
 15053 | Lair:5   | 15053 ||| Stepping ~*~*~tactically~*~*~ (stealth).
 15054 | Lair:5   | 15054 ||| Stepping ~*~*~tactically~*~*~ (stealth).
 15055 | Lair:5   | 15055 ||| Stepping ~*~*~tactically~*~*~ (stealth).
 15431 | Lair:5   | 15431 ||| PLANNING D:1-11
 15431 | Lair:5   | 15431 ||| UPGRADING to +2 chain mail of cold resistance.
 15441 | Lair:5   | 15441 ||| DROPPING ring of willpower.
 15442 | Lair:5   | 15442 ||| READING 4 scrolls of identify.
 15442 | Lair:5   | 15442 ||| IDENTIFYING murky grey potion
 15679 | D:11     | 15679 ||| PLANNING D
 15772 | D:12     | 15772 ||| DRINKING 4 potions of curing.
 15772 | D:12     | 15772 ||| (to cure confusion)
 15779 | D:12     | Reached skill level 13 in Shields
 15793 | D:12     | 15793 ||| INVOKING Heroism.
 15973 | D:12     | Noticed Azrael
 15974 | D:12     | 15974 ||| INVOKING Heroism.
 15990 | D:12     | 15990 ||| INVOKING Heroism.
 15991 | D:12     | Killed Azrael
 16161 | D:12     | Found a glowing golden altar of the Shining One.
 16421 | D:13     | Noticed Kirke
 16422 | D:13     | 16422 ||| INVOKING Heroism.
 16443 | D:13     | Killed Kirke
 16444 | D:13     | Reached skill level 14 in Shields
 16527 | D:13     | 16527 ||| Stepping ~*~*~tactically~*~*~ (hiding).
 16528 | D:13     | 16528 ||| Stepping ~*~*~tactically~*~*~ (hiding).
 16618 | D:13     | 16618 ||| Stepping ~*~*~tactically~*~*~ (hiding).
 16619 | D:13     | 16619 ||| Stepping ~*~*~tactically~*~*~ (hiding).
 16906 | D:13     | 16906 ||| FLEEEEING.
 16907 | D:13     | 16907 ||| FLEEEEING.
 16908 | D:13     | 16908 ||| FLEEEEING.
 16909 | D:13     | 16909 ||| FLEEEEING.
 16910 | D:13     | 16910 ||| FLEEEEING.
 16911 | D:13     | 16911 ||| FLEEEEING.
 16912 | D:13     | 16912 ||| FLEEEEING.
 16915 | D:13     | 16915 ||| FLEEEEING.
 16916 | D:13     | 16916 ||| FLEEEEING.
 16917 | D:13     | 16917 ||| FLEEEEING.
 16918 | D:13     | 16918 ||| FLEEEEING.
 16919 | D:13     | 16919 ||| FLEEEEING.
 16920 | D:13     | 16920 ||| FLEEEEING.
 16921 | D:13     | 16921 ||| FLEEEEING.
 16980 | D:13     | Found a gate to the Vaults.
 16992 | Abyss:2  | Cast into level 2 of the Abyss (a wizard)
 17016 | Abyss:2  | Noticed a starcursed mass
 17043 | Abyss:2  | Received a gift from Okawaru
 17050 | Abyss:2  | 17050 ||| INVOKING Heroism.
 17080 | Abyss:2  | Reached skill level 15 in Shields
 17085 | Abyss:2  | 17085 ||| Stepping ~*~*~tactically~*~*~ (stealth).
 17088 | Abyss:2  | 17088 ||| INVOKING Heroism.
 17098 | Abyss:2  | Noticed a starcursed mass
 17099 | Abyss:2  | 17099 ||| Stepping ~*~*~tactically~*~*~ (stealth).
 17124 | Abyss:2  | 17124 ||| Stepping ~*~*~tactically~*~*~ (hiding).
 17142 | Abyss:2  | 17142 ||| INVOKING Heroism.
 17150 | Abyss:2  | HP: 19/87 [starcursed mass/accursed screaming (5)]
 17151 | Abyss:2  | 17151 ||| READING 4 scrolls of teleportation.
 17152 | Abyss:2  | 17152 ||| DRINKING 5 potions of heal wounds.
 17155 | Abyss:2  | Killed a starcursed mass
 17328 | Abyss:2  | 17328 ||| Stepping ~*~*~tactically~*~*~ (stealth).
 17329 | Abyss:2  | 17329 ||| Stepping ~*~*~tactically~*~*~ (stealth).
 17332 | Abyss:2  | 17332 ||| Stepping ~*~*~tactically~*~*~ (hiding).
 17333 | Abyss:2  | 17333 ||| Stepping ~*~*~tactically~*~*~ (hiding).
 17346 | Abyss:2  | 17346 ||| INVOKING Heroism.
 17460 | Abyss:2  | Noticed a tentacled starspawn
 17468 | Abyss:2  | Killed a tentacled starspawn
 17528 | Abyss:2  | Noticed a starcursed mass
 17529 | Abyss:2  | 17529 ||| Stepping ~*~*~tactically~*~*~ (stealth).
 17533 | Abyss:2  | 17533 ||| Stepping ~*~*~tactically~*~*~ (stealth).
 17555 | Abyss:2  | Reached XP level 15. HP: 93/93 MP: 18/18
 17572 | Abyss:2  | 17572 ||| Stepping ~*~*~tactically~*~*~ (stealth).
 17591 | Abyss:2  | 17591 ||| Stepping ~*~*~tactically~*~*~ (stealth).
 17596 | Abyss:2  | 17596 ||| Stepping ~*~*~tactically~*~*~ (stealth).
 17610 | Abyss:2  | Noticed a bone dragon
 17628 | Abyss:2  | 17628 ||| INVOKING Heroism.
 17637 | Abyss:2  | Noticed a bone dragon
 17646 | Abyss:2  | Killed a bone dragon
 17662 | Abyss:2  | HP: 7/65 [bone dragon (11)]
 17663 | Abyss:2  | 17663 ||| READING 3 scrolls of teleportation.
 17669 | Abyss:2  | 17669 ||| DRINKING 4 potions of heal wounds.
 17733 | Abyss:2  | 17733 ||| Stepping ~*~*~tactically~*~*~ (stealth).
 17761 | Abyss:2  | 17761 ||| Stepping ~*~*~tactically~*~*~ (stealth).
 17762 | Abyss:2  | 17762 ||| Stepping ~*~*~tactically~*~*~ (stealth).
 17763 | Abyss:2  | 17763 ||| INVOKING Heroism.
 17779 | Abyss:2  | 17779 ||| Stepping ~*~*~tactically~*~*~ (stealth).
 17780 | Abyss:2  | 17780 ||| Stepping ~*~*~tactically~*~*~ (stealth).
 17792 | Abyss:2  | Noticed a tentacled starspawn
 17793 | D:13     | Escaped the Abyss
 17812 | D:13     | Reached skill level 16 in Shields
 17814 | Abyss:2  | Cast into level 2 of the Abyss (a wizard)
 17822 | Abyss:2  | 17822 ||| INVOKING Heroism.
 17824 | Abyss:2  | Noticed a daeva
 17830 | Abyss:2  | Noticed a lich
 17831 | Abyss:2  | HP: 12/75 [daeva/divine providence (10)]
 17833 | Abyss:2  | Killed from afar by a daeva

Levels and vault maps discovered:
D:1:      dpeg_arrival_shelter, layout_loops_corners
D:2:      layout_basic, nicolae_ecumenical_lake_church, basic_altar,
          minmay_joined_circles, uniq_crazy_yiuf_cottage
D:3:      layout_loops_ring, mainiacjoe_overflow_alcove_1,
          serial_bayou_lagoon_a, uniq_natasha
D:4:      layout_basic, portal_sewer_entry_e, uniq_grinder
D:5:      layout_loops_corners, mainiacjoe_overflow_24_doors,
          mainiacjoe_overflow_surrounded_room, reono_crystal_passage,
          minmay_misc_feat_iff, kennysheep_path_1, st_stairs_11,
          eino_small_chamber_without_monster, wad_rectangle_vault
D:6:      layout_basic, minmay_temple_entry_hall, kennysheep_dice
D:7:      layout_loops_ring, nzn_overflow_gifts_of_might_and_magic,
          abandoned_shop
D:8:      kennysheep_blocky_hall, layout_loops_corners,
          mainiacjoe_overflow_six_doors_small,
          gammafunk_temple_overflow_elements, enter_bailey_2
D:9:      layout_gridville, mainiacjoe_overflow_paths
D:10:     layout_small_grid, uniq_urug
D:11:     layout_rooms, david_lair_generic, minmay_orc_entry_guard_dogs,
          serial_shops, bzr_entry_safe, uniq_erolcha
D:12:     layout_cross, nicolae_tso_carved_into_rock, uniq_azrael
D:13:     layout_gridville, grunt_vaults_entry_tiered,
          nicolae_figureground_sparkle, uniq_kirke
Temple:   nicolae_temple_bog_church
Lair:1:   layout_gridlike, kennysheep_rathole, grunt_megastairs_1
Lair:2:   layout_loops_ring, nicolae_spider_entry_non_spiders, basic_altar,
          lemuel_fruit_tree, uniq_erica
Lair:3:   layout_chaotic_city, skrybe_swamp_entry_bodies, st_stairs_13,
          grunt_megastairs_3
Lair:4:   layout_gridlike, minmay_slime_entry_jelly_boxes
Lair:5:   minmay_lair_end_frog_pond, layout_gridlike,
          chequers_serial_rivers_small_b
Abyss:2:  base: D:5, minivault_23, spicy_abyss_rude_harpoons,
          hangedman_abyss_town, evilmike_abyss_exit_7, base: D:14,
          evilmike_abyss_exit_17, abyss_furniture_001

Skill      XL: |  1  2  3  4  5  6  7  8  9 10 11 12 13 14 15 |
---------------+----------------------------------------------+-----
Axes           | 2 3 4 6 7 8 9 11 12 13 14 | 14.0
Fighting       | 4 6 7 9 10 11 | 11.0
Armour         | 4 6 7 8 9 10 | 10.1
Dodging        | 1 2 |  2.0
Throwing       | 1 3 4 |  4.0
Shields        | 4 5 6 10 15 16 | 16.0
Invocations    | 4 6 10 | 10.0

Action                     |  1- 3 |  4- 6 |  7- 9 | 10-12 | 13-15 || total
---------------------------+-------+-------+-------+-------+-------++-------
  Melee: War axe           |   102 |   119 |   312 |   607 |   789 ||  1929
         Morningstar       |       |       |       |       |    50 ||    50
  Throw: Boomerang         |       |       |    20 |    73 |    66 ||   159
         Javelin           |       |       |       |    60 |    66 ||   126
 Invoke: Heroism           |       |       |       |    11 |    22 ||    33
         Finesse           |       |       |       |       |     2 ||     2
    Use: Scroll            |     2 |     1 |    14 |    11 |     7 ||    35
         Potion            |       |     2 |     5 |     4 |     4 ||    15
 Armour: Scale mail        |    38 |    16 |       |       |       ||    54
         Plate armour      |       |    80 |   240 |   412 |   238 ||   970
         Skin              |       |       |       |     2 |       ||     2
         Chain mail        |       |       |       |       |   128 ||   128
  Dodge: Dodged            |    45 |    49 |   109 |   173 |   245 ||   621
  Block: Buckler           |    20 |    25 |   171 |   268 |     2 ||   486
         Reflection        |       |     1 |     4 |     1 |    30 ||    36
         Tower shield      |       |       |       |       |   854 ||   854

Table legend:
 A = Non-vault XP
 B = Vault XP
 C = Vault XP percentage of total XP
 D = Non-vault monster count
 E = Vault monster count
 F = Vault count percentage of total count
                 A         B        C        D         E       F
            +---------+---------+-------+---------+---------+-------
      Total |   61945 |   31286 |  33.6 |     365 |     155 |  29.8
            +---------+---------+-------+---------+---------+-------
        D:1 |      22 |       0 |   0.0 |      13 |       0 |   0.0
        D:2 |      48 |      33 |  40.7 |      16 |      14 |  46.7
        D:3 |     103 |      35 |  25.4 |      22 |       1 |   4.3
        D:4 |     254 |     281 |  52.5 |      12 |       1 |   7.7
        D:5 |     450 |     544 |  54.7 |      16 |      11 |  40.7
        D:6 |    1171 |     217 |  15.6 |      21 |       2 |   8.7
        D:7 |     942 |     218 |  18.8 |      26 |       2 |   7.1
        D:8 |    1468 |     418 |  22.2 |      20 |       4 |  16.7
        D:9 |    3141 |       0 |   0.0 |      32 |       0 |   0.0
       D:10 |    2643 |     800 |  23.2 |      19 |       1 |   5.0
       D:11 |    4244 |    2692 |  38.8 |      19 |       8 |  29.6
       D:12 |    3375 |    2240 |  39.9 |      18 |       8 |  30.8
       D:13 |    1287 |    8460 |  86.8 |       3 |      29 |  90.6
     Lair:1 |    2089 |    1012 |  32.6 |      10 |      13 |  56.5
     Lair:2 |    3883 |    1436 |  27.0 |      13 |       9 |  40.9
     Lair:3 |    3640 |    1346 |  27.0 |      19 |       2 |   9.5
     Lair:4 |    2362 |     503 |  17.6 |      11 |      13 |  54.2
     Lair:5 |   17924 |   11051 |  38.1 |      53 |      37 |  41.1
    Abyss:2 |   12899 |       0 |   0.0 |      22 |       0 |   0.0
            +---------+---------+-------+---------+---------+-------
